 Dungeon Crawl Stone Soup version 0.29.1-15-g9cfb28693d (webtiles) character file.

Game seed: 7069876547088542952

150 tizbic2 the Digger (level 5, 0/41 HPs)
             Began as a Draconian Earth Elementalist on Apr 18, 2023.
             Was an Initiate of Cheibriados.
             Slain by an orc
             ... wielding a +0 flail
              (1 damage)
             ... on level 4 of the Dungeon.
             The game lasted 00:14:21 (3039 turns).

tizbic2 the Digger (Draconian Earth Elementalist)   Turns: 3039, Time: 00:14:22

Health: 0/41       AC:  6    Str: 12    XL:     5   Next: 10%
Magic:  8/9        EV: 12    Int: 18    God:    Cheibriados [......]
Gold:   197        SH:  0    Dex: 12    Spells: 3/9 levels left

rFire   . . .      SeeInvis .   a - +0 mace
rCold   . . .      Faith    .   (no shield)
rNeg    . . .      Spirit   .   (body armour unavailable)
rPois   .          Reflect  .   (helmet restricted)
rElec   .          Harm     .   (no cloak)
rCorr   .          Rampage  .   (no gloves)
Will    .....                   p - +0 pair of boots
Stlth   ++........              (no amulet)
HPRegen 0.13/turn               (no ring)
MPRegen 0.11/turn               (no ring)

@: very slightly contaminated, very slow
A: AC +5, unfitting armour, cold-blooded
a: Renounce Religion


You were on level 4 of the Dungeon.
You worshipped Cheibriados.
Cheibriados was noncommittal.
You visited 1 branch of the dungeon, and saw 4 of its levels.

You collected 197 gold pieces.

Inventory:

Hand Weapons
 a - a +0 mace (weapon)
 u - a +0 long sword
 w - a +2 sling
Missiles
 b - 40 stones
 g - 2 javelins
 l - 6 silver boomerangs
 o - 6 poisoned darts
Armour
 p - a +0 pair of boots (worn)
Scrolls
 d - a scroll of immolation {unknown}
 h - a scroll of enchant armour {unknown}
 k - 2 scrolls of magic mapping
 s - a scroll of poison {unknown}
Potions
 c - 2 potions of curing {unknown}
 j - a potion of flight {unknown}
 n - 2 potions of mutation {unknown}
 q - a potion of invisibility {unknown}
 t - a potion of degeneration {unknown}


   Skills:
 + Level 2.1 Fighting
 + Level 1.1 Ranged Weapons
 - Level 1.7 Dodging
 - Level 1.7 Stealth
 + Level 2.6 Spellcasting
 - Level 2.0 Transmutations
 * Level 4.2 Earth Magic
 + Level 0.3 Invocations


You had 3 spell levels left.
You knew the following spells:

 Your Spells              Type           Power      Damage    Failure   Level
a - Sandblast             Erth           34%        2d9       3%          1
b - Stone Arrow           Conj/Erth      20%        3d8       22%         3
c - Passwall              Tmut/Erth      10%        N/A       7%          2

Your spell library contained the following spells:

 Spells                   Type           Power      Damage    Failure   Level
 Petrify                  Tmut/Erth      13%        N/A       43%         4


Dungeon Overview and Level Annotations

Branches:
Dungeon (4/15)
 Temple: D:4-7

Altars:
Ashenzari
Cheibriados
Nemelex Xobeh
Ru
Trog
Vehumet
Xom
Yredelemnul
Zin
The Shining One


Innate Abilities, Weirdness & Mutations

Your plain brown scales are hard. (AC +5)
You cannot fit into any form of body armour.
You are cold-blooded and may be slowed by cold attacks.


Message History

The orc barely misses you. The endoplasm closely misses you.
An orc comes into view. It is wielding a +0 mace.
The orc hits you but does no damage. The orc hits you with a +0 flail.
The orc hits you from afar with a +0 trident.
* * * LOW HITPOINT WARNING * * *
The endoplasm hits you but does no damage.
Your Fighting skill increases to level 2!
Your Ranged Weapons skill increases to level 1!
You have reached level 5!
Okay, then.
Okay, then.
Casting: Sandblast (safe; 3% risk of failure)
Confirm with . or Enter, or press ? or * to list all spells.
Aiming: Sandblast (safe; 3% risk of failure)
Press: ? - help, Shift-Dir - straight line, f - orc
Aim: an orc, wielding a +0 trident and wearing a +0 ring mail (84% to hit)
You miscast Sandblast.
You are very lightly contaminated with residual magic.
Nothing appears to happen.
The orc barely misses you. The endoplasm freezes you.
You are frozen.
* * * LOW HITPOINT WARNING * * *
You feel yourself slow down. The orc barely misses you.
Magic courses through your body. The orc barely misses you.
The endoplasm freezes you.
You are frozen.
* * * LOW HITPOINT WARNING * * *
The orc hits you from afar with a +0 trident.
* * * LOW HITPOINT WARNING * * *
Casting: Sandblast (safe; 3% risk of failure)
Confirm with . or Enter, or press ? or * to list all spells.
Aiming: Sandblast (safe; 3% risk of failure)
Press: ? - help, Shift-Dir - straight line, f/p - orc
Aim: an orc, wielding a +0 trident and wearing a +0 ring mail (84% to hit)
The blast of sand hits the orc!
You kill the orc!
Cheibriados appreciates the change of pace.
You feel yourself speed up. The orc hits you with a +0 flail.
You die...

#............### .#
#..........#..<# .#
#..........###.###.#####
#.....................?.
...........##...........
#..........#.....>......
.##.####............. #.
##......o..o..> #
.........@.)..?..
####.....)J......
#.............
#.............
##...........?
##.....#.....
############


You could see 2 orcs and an endoplasm.

Vanquished Creatures
  An orc priest (D:4)
  4 adders
  3 worms
  2 orcs (D:4)
  3 ball pythons
  6 endoplasms
  3 giant cockroaches
  7 goblins
  3 hobgoblins
  4 jackals
  3 quokkas
  6 bats
  6 frilled lizards
  4 kobolds
  25 rats
80 creatures vanquished.

Vanquished Creatures (others)
  A plant (D:4)
1 creature vanquished.

Grand Total: 81 creatures vanquished

Notes
Turn   | Place    | Note
-------+----------+-------------------------------------------
     0 | D:1      | tizbic2 the Draconian Earth Elementalist began the quest
                  | for the Orb.
     0 | D:1      | Reached XP level 1. HP: 14/14 MP: 3/3
   266 | D:1      | Reached XP level 2. HP: 22/22 MP: 3/5
   624 | D:1      | Reached skill level 1 in Fighting
   976 | D:2      | Reached XP level 3. HP: 28/28 MP: 6/6
  1086 | D:2      | Found a faded altar of an unknown god.
  1448 | D:2      | Learned a level 3 spell: Stone Arrow
  1650 | D:2      | Reached XP level 4. HP: 20/35 MP: 7/7
  2050 | D:3      | Found a shimmering altar of Xom.
  2211 | D:3      | Reached skill level 4 in Earth Magic
  2241 | D:3      | Identified the +0 leather armour of the Cricket {Dex+4}
  2247 | D:3      | Found a bloodstained altar of Trog.
  2546 | D:3      | Found a sparkling altar of Nemelex Xobeh.
  2546 | D:3      | Found a sacrificial altar of Ru.
  2547 | D:3      | Found a snail-covered altar of Cheibriados.
  2548 | D:3      | Found a basalt altar of Yredelemnul.
  2549 | D:3      | Found a glowing golden altar of the Shining One.
  2549 | D:3      | Found a radiant altar of Vehumet.
  2550 | D:3      | Found a broken altar of Ashenzari.
  2565 | D:3      | Became a worshipper of Cheibriados the Contemplative
  2662 | D:3      | Found a glowing silver altar of Zin.
  2671 | D:3      | Learned a level 2 spell: Passwall
  3031 | D:4      | HP: 1/36 [endoplasm (2)]
  3037 | D:4      | Reached skill level 1 in Ranged Weapons
  3037 | D:4      | Reached XP level 5. HP: 12/41 MP: 2/9
  3038 | D:4      | HP: 1/41 [orc/+0 trident (6)]
  3039 | D:4      | Slain by an orc

Illustrated notes

Levels and vault maps discovered:
D:1:      dpeg_arrival_pond, layout_loops_corners, minmay_hedge_maze,
          minmay_pentomino_q2
D:2:      layout_basic, ebering_ecumenical_altar_box, minmay_rat_hole
D:3:      layout_loops_corners, mainiacjoe_overflow_alcove_2, zin_scriptorium,
          grunt_temple_overflow_open, old_standard_altar
D:4:      layout_rooms, serial_bayou, serial_bayou_pond_e, serial_bayou_shore_b,
          serial_bayou_pond_e, serial_bayou_lagoon_b, serial_bayou_shore_a,
          minmay_bisected

Skill      XL: |  1  2  3  4 |
---------------+-------------+-----
Fighting       | 1 2 |  2.1
Transmutations | 2 |  2.0
Earth Magic    | 4 |  4.2
Ranged Weapons | 1 |  1.1
Dodging        | |  1.7
Stealth        | |  1.7
Spellcasting   | |  2.6
Invocations    | |  0.3

Action                   |  1- 3 |  4- 6 || total
-------------------------+-------+-------++-------
Melee: Unarmed           |     5 |       ||     5
       Dagger            |    36 |       ||    36
       Tailslap          |     6 |     4 ||    10
       Mace              |    22 |    39 ||    61
       Punch             |     1 |       ||     1
 Fire: Sling             |    24 |    18 ||    42
Throw: Stone             |     1 |       ||     1
 Cast: Sandblast         |    41 |    23 ||    64
       Stone Arrow       |     1 |       ||     1
       Passwall          |       |     5 ||     5
  Use: Scroll            |     1 |     6 ||     7
       Potion            |       |     2 ||     2
 Stab: Sleeping          |     2 |       ||     2
Armor: Skin              |    26 |    42 ||    68
Dodge: Dodged            |    73 |    60 ||   133
